 Dungeon Crawl Stone Soup version 0.27-a0-1519-gc8121b24ce (console) character file.

Game seed: 17154713937401983811

14349 MakMorn the Thaumaturge (level 12, -22/93 HPs)
             Began as a Djinni Necromancer on July 10, 2021.
             Was a Follower of Ashenzari.
             Annihilated by a minotaur (43 damage)
             ... in a Gauntlet.
             The game lasted 01:25:05 (18395 turns).

MakMorn the Thaumaturge (Djinni Necromancer)       Turns: 18395, Time: 01:25:06

Health: -22/93     AC:  7    Str:  7    XL:     12   Next: 44%
Gold:   543        EV: 15    Int: 31    God:    Ashenzari [*.....] SH:  6 Dex: 21

rFire    + + +     SeeInvis .   a - +1 short sword (elec)
rCold    . . .     Faith    .   i - +0 buckler of Ouranomancy {Fort, Cun} (curse)
rNeg     + . .     Spirit   .   d - +0 robe {rC+ rF+}
rPois    ∞         Reflect  .   h - +2 helmet {Int+3}
rElec    +         Harm     .   (no cloak)
rCorr    .         Rampage  .   g - +1 pair of gloves of Inquiry {rElec Dex+7}
Will     +....     NoTele   +   (boots unavailable)
Stlth    ++........             (no amulet)
HPRegen  0.25/turn              w - ring "Gaze Upon Infinity" {rN+, Melee, Range} (curse)
MPRegen  0.00/turn              A - +6 ring of intelligence

@: flying, very slightly contaminated, invisible
A: sickness immunity, fire resistance 2, cold vulnerability 1, float, innate
caster, hp casting, extra vitality 1
a: Renounce Religion, Curse Item, Shatter the Chains


You were in a Gauntlet.
You worshipped Ashenzari.
Ashenzari was aware of your devotion.
You visited 3 branches of the dungeon, and saw 13 of its levels.
You also visited: Sewer and Gauntlet.

You collected 846 gold pieces.
You spent 303 gold pieces at shops.

Inventory:

Hand Weapons
 a - a +1 short sword of electrocution (weapon)
 b - a +0 dagger of venom
 k - a +4 short sword of freezing
 r - the +5 trident "Jomoet" {drain, *Noise rElec rF+}
   (You found it in a sewer)

   A truly terrible weapon, it drains the life of those it strikes.
   rF:        It protects you from fire.
   rElec:     It insulates you from electricity.
   *Noise:    It may make noises in combat.
 H - a +2 short sword
Missiles
 m - 11 boomerangs
 p - 438 stones
 v - 4 throwing nets
 y - 5 curare-tipped darts
 C - 6 atropa-tipped darts
 F - 55 poisoned darts
Armour
 d - a +0 robe of resistance (worn)
 g - the +1 pair of gloves of Inquiry (worn) {rElec Dex+7}
   (You found it on level 4 of the Dungeon)

   Dex:       It affects your dexterity (+7).
   rElec:     It insulates you from electricity.
 h - a +2 helmet of intelligence (worn)
 i - the cursed +0 buckler of Ouranomancy (worn) {Fort, Cun}
   (You bought it in a shop on level 5 of the Dungeon)

   It has a curse which improves the following skills: Fortitude: Armour and
   Shields.
   Cunning:   Dodging and Stealth.
 o - a +2 leather armour of willpower
Jewellery
 f - a +6 ring of strength
 l - the ring "Tyghip" {rElec SInv}
   (You found it in a Gauntlet)

   [ring of see invisible]

   rElec:     It insulates you from electricity.
   SInv:      It lets you see invisible.
 u - a ring of protection from cold
 w - the cursed ring "Gaze Upon Infinity" (left hand) {rN+, Melee, Range}
   (You found it on level 5 of the Dungeon)

   [ring of positive energy]

   rN:        It protects you from negative energy.
   It has a curse which improves the following skills: Melee Combat: Short
   Blades, Long Blades, Axes, Maces & Flails, Polearms, Staves and Unarmed
   Combat.
   Ranged Combat: Slings, Bows, Crossbows and Throwing.
 z - a ring of protection from cold
 A - a +6 ring of intelligence (right hand)
Wands
 e - a wand of acid (9)
 B - a wand of iceblast (8)
Scrolls
 j - a scroll of magic mapping
 q - 7 scrolls of teleportation
 s - 3 scrolls of fear
 t - 2 scrolls of torment
 D - a scroll of blinking
 E - a scroll of enchant weapon
Potions
 c - 5 potions of brilliance
 n - 3 potions of curing
 G - 2 potions of invisibility
 I - 4 potions of ambrosia
Miscellaneous
 x - a box of beasts


   Skills:
 * Level 10.6 Fighting
 - Level 4.1(5.1) Armour
 - Level 4.0(5.0) Dodging
 - Level 1.5(2.3) Stealth
 - Level 3.1(4.0) Shields
 + Level 11.8 Spellcasting


You had 7 spell levels left.
You knew the following spells:

 Your Spells              Type           Power      Damage    Failure   Level
a - Pain                  Necr           100%       1d9       1%          1
b - Corpse Rot            Necr/Air       N/A        N/A       1%          2
c - Swiftness             Air            75%        N/A       1%          3
d - Animate Dead          Necr           37%        N/A       1%          4
e - Dazzling Flash        Conj/Hex       100%       N/A       1%          3
f - Animate Skeleton      Necr           100%       N/A       1%          1
v - Vampiric Draining     Necr           37%        2d11      1%          3
z - Foxfire               Conj/Fire      100%       2x1d9     1%          1
A - Agony                 Necr           75%        N/A       1%          5
Y - Summon Ice Beast      Ice/Summ       75%        N/A       1%          4
Your spell library was empty.

Dungeon Overview and Level Annotations

Branches:
Dungeon (11/15)            Temple (1/1) D:5            Lair (1/6) D:11
    Orc (0/2) D:11          Sewer (visited)         Gauntlet (1/1)

Altars:
Ashenzari
Cheibriados
Dithmenos
Elyvilon
Fedhas
Gozag
Hepliaklqana
Kikubaaqudgha
Makhleb
Nemelex Xobeh
Okawaru
Qazlal
Ru
Sif Muna
Trog
Uskayaw
Vehumet
Wu Jian
Xom
Yredelemnul
Zin
The Shining One

Shops:
D:2 !   D:5 [   D:9 !

Annotations:
D:4 Sigmund Gauntlet 8 transporters, exclusion: oklob plant


Innate Abilities, Weirdness & Mutations

You are immune to sickness and miasma.
You are immune to poison.
Your flesh is very heat resistant. (rF++)
You are vulnerable to cold. (rC-)
You float through the air rather than walking.
You learn spells naturally, not from books.
Your magical power is your life essence.
You have superior vitality. (+4 HP)


Message History

The minotaur hits your ice beast with the +8 mace "Beetleslayer" {vamp, *Rage rElec Str+4}!!
The minotaur gores your ice beast!!
Your ice beast barely misses the minotaur.
The minotaur hits your ice beast with the +8 mace "Beetleslayer" {vamp, *Rage rElec Str+4}!!!
Your ice beast dies!
Your ice beast hits the minotaur but does no damage.
The minotaur hits your ice beast with the +8 mace "Beetleslayer" {vamp, *Rage rElec Str+4}!!!
The minotaur gores your ice beast.
The minotaur hits your ice beast with the +8 mace "Beetleslayer" {vamp, *Rage rElec Str+4}!!!
Your ice beast dies!
The minotaur rages.
Casting: Summon Ice Beast (safe; 1% risk of failure)
Confirm with . or Enter, or press ? or * to list all spells.
Aiming: Vampiric Draining (safe; 1% risk of failure)
Press: ? - help, Shift-Dir - straight line, f/p - minotaur
Aim: a minotaur, wielding the +8 mace "Beetleslayer" {vamp, *Rage rElec Str+4}, wearing a +0 chain mail, wearing an amulet of the acrobat and quivering silver javelins (moderately wounded, berserk)
You draw life force from the minotaur.
You feel life coursing into your body. The minotaur misses you.
The minotaur gores you but does no damage.
You block the minotaur's attack. The minotaur gores you.
* * * LOW HITPOINT WARNING * * *
Unknown command.
Casting: Vampiric Draining (safe; 1% risk of failure)
Confirm with . or Enter, or press ? or * to list all spells.
Aiming: Vampiric Draining (safe; 1% risk of failure)
Press: ? - help, Shift-Dir - straight line, f/p - minotaur
Aim: a minotaur, wielding the +8 mace "Beetleslayer" {vamp, *Rage rElec Str+4}, wearing a +0 chain mail, wearing an amulet of the acrobat and quivering silver javelins (moderately wounded, berserk)
You draw life force from the minotaur.
You feel life coursing into your body.
* * * LOW HITPOINT WARNING * * *
The minotaur barely misses you.
The minotaur gores you but does no damage.
Casting: Vampiric Draining (safe; 1% risk of failure)
Confirm with . or Enter, or press ? or * to list all spells.
Aiming: Vampiric Draining (safe; 1% risk of failure)
Press: ? - help, Shift-Dir - straight line, f/p - minotaur
Aim: a minotaur, wielding the +8 mace "Beetleslayer" {vamp, *Rage rElec Str+4}, wearing a +0 chain mail, wearing an amulet of the acrobat and quivering silver javelins (moderately wounded, berserk)
You draw life force from the minotaur.
You feel life coursing into your body.
* * * LOW HITPOINT WARNING * * *
The minotaur hits you with the +8 mace "Beetleslayer" {vamp, *Rage rElec Str+4}!!!
You die...

#########
#.@.....#
#H#####.#
#.# .#.#
#.# .#Y#
#.# .#Y#
#.# .#.#
#.###.#Y#
#...H.#.#
#######.#


You could see a minotaur (berserk).

Vanquished Creatures
  Harold (D:9)
  2 two-headed ogres
  A fire crab (Gauntlet)
  Joseph (D:8)
  A centaur zombie (D:11)
  Psyche (D:8)
  A rime drake (Lair:1)
  Grinder (D:3)
  Prince Ribbit (D:5)
  A shadow (D:10)
  A fire bat (Gauntlet)
  2 wyverns
  A wraith (D:9)
  12 yaks
  Grum (D:9)
  A vampire mosquito (D:11)
  2 acid dragons
  A water moccasin (Lair:1)
  4 orc warriors
  A black bear (D:6)
  An ice beast (D:5)
  3 ogres
  2 centaurs
  Blork the orc (D:4)
  A kobold brigand (D:7)
  2 bullfrogs
  A scorpion (D:4)
  A gnoll sergeant (D:5)
  A water moccasin zombie (D:5)
  A water moccasin skeleton (D:5)
  5 killer bees
  6 howler monkeys
  4 wights (D:10)
  11 hounds
  A bullfrog zombie (D:6)
  2 jellies
  2 centaur skeletons (D:7)
  2 gnoll shamans
  3 orc priests
  3 iguanas
  2 merfolk sirens (Sewer)
  6 orc wizards
  A merfolk avatar (Sewer)
  2 killer bee zombies
  9 adders
  3 howler monkey skeletons
  31 gnolls
  4 river rats (Sewer)
  A worm (D:2)
  2 dart slugs
  23 orcs
  5 bats
  4 endoplasms
  7 giant cockroaches
  8 goblins
  11 hobgoblins
  5 jackals
  A quokka (Sewer)
  11 ball pythons
  7 frilled lizards
  8 kobolds
  21 rats
262 creatures vanquished.

Vanquished Creatures (collateral kills)
  A hydra (Lair:1)
  A great orb of eyes (Gauntlet)
  A two-headed ogre (D:11)
  A manticore (D:11)
  A cane toad (Lair:1)
  A polar bear (Lair:1)
  A troll (D:11)
  A wraith (D:11)
  8 yaks
  3 fire bats (Gauntlet)
  3 vampire mosquitoes (D:11)
  An acid dragon (D:11)
  2 hell hounds (Gauntlet)
  5 wolves (Lair:1)
  A centaur (D:11)
  4 killer bees (D:11)
  A giant cockroach (D:2)
36 creatures vanquished.

Vanquished Creatures (others)
  903 foxfires
  A fungus (Lair:1)
  6 plants (Lair:1)
910 creatures vanquished.

Grand Total: 1208 creatures vanquished

Notes
Turn   | Place    | Note
-------+----------+-------------------------------------------
     0 | D:1      | MakMorn the Djinni Necromancer began the quest for the Orb.
     0 | D:1      | Reached XP level 1. HP: 15/15 MP: 0/0
   453 | D:1      | Reached XP level 2. HP: 19/22 MP: 0/0
  1122 | D:1      | Reached XP level 3. HP: 17/26 MP: 0/0
  1122 | D:1      | Learned a level 1 spell: Foxfire
  1367 | D:1      | Found a faded altar of an unknown god.
  1628 | D:2      | Reached skill level 1 in Fighting
  2092 | D:2      | Reached skill level 4 in Spellcasting
  2366 | D:2      | Reached XP level 4. HP: 15/32 MP: 0/0
  2768 | D:2      | Found Patiebum's Distillery.
  2789 | D:2      | Bought a potion of curing for 39 gold pieces
  3350 | D:2      | Reached XP level 5. HP: 10/37 MP: 0/0
  3350 | D:2      | Learned a level 2 spell: Corpse Rot
  4209 | D:3      | Noticed Grinder
  4213 | D:3      | Paralysed by Grinder for 4 turns
  4218 | D:3      | Killed Grinder
  4219 | D:3      | Reached skill level 5 in Spellcasting
  4219 | D:3      | Reached XP level 6. HP: 35/45 MP: 0/0
  4701 | D:4      | Noticed an orc warrior
  4790 | D:4      | Reached XP level 7. HP: 10/49 MP: 0/0
  4790 | D:4      | Learned a level 3 spell: Swiftness
  5104 | D:4      | Reached skill level 6 in Spellcasting
  5158 | D:4      | Found a glowing drain.
  5289 | Sewer    | Entered a sewer
  6188 | Sewer    | Identified the +5 trident "Jomoet" {drain, *Noise rElec
                  | rF+}
  6703 | D:4      | Identified the +1 pair of gloves of Inquiry {rElec Dex+7}
  6705 | D:4      | Noticed Blork the orc
  6750 | D:4      | Reached XP level 8. HP: 53/56 MP: 0/0
  6770 | D:4      | Noticed Sigmund
  7049 | D:4      | Killed Blork the orc
  7252 | D:4      | Reached skill level 7 in Spellcasting
  7318 | D:5      | Entered Level 5 of the Dungeon
  7375 | D:5      | Found Badeireg's Antique Armour Boutique.
  8010 | D:5      | Reached skill level 8 in Spellcasting
  8010 | D:5      | Reached XP level 9. HP: 56/63 MP: 0/0
  8010 | D:5      | Learned a level 3 spell: Dazzling Flash
  8148 | D:5      | Noticed Prince Ribbit
  8156 | D:5      | Killed Prince Ribbit
  8252 | D:5      | Found a staircase to the Ecumenical Temple.
  8265 | Temple   | Entered the Ecumenical Temple
  8653 | D:5      | Found a broken altar of Ashenzari.
  8658 | D:5      | Became a worshipper of Ashenzari the Shackled
  9008 | D:6      | Noticed a two-headed ogre
  9062 | D:6      | Killed a two-headed ogre
  9063 | D:6      | Reached skill level 5 in Fighting
  9063 | D:6      | Reached skill level 9 in Spellcasting
 10159 | D:7      | Reached XP level 10. HP: 57/71 MP: 0/0
 10618 | D:7      | Found a sacrificial altar of Ru.
 10891 | D:8      | Noticed Joseph
 10903 | D:8      | HP: 3/72 [Joseph (29)]
 10905 | D:8      | Killed Joseph
 10906 | D:8      | Reached skill level 10 in Spellcasting
 11448 | D:8      | Found a sparkling altar of Nemelex Xobeh.
 11523 | D:8      | Noticed Psyche
 11528 | D:8      | Killed Psyche
 11804 | D:9      | Found Athoidim's Distillery.
 12108 | D:9      | Found a bloodstained altar of Trog.
 12108 | D:9      | Found a stormy altar of Qazlal.
 12776 | D:9      | Noticed Grum
 12789 | D:9      | Killed Grum
 12790 | D:9      | Reached skill level 11 in Spellcasting
 12924 | D:9      | Reached skill level 1 in Armour
 13187 | D:9      | Noticed Harold
 13197 | D:9      | Killed Harold
 13198 | D:9      | Reached XP level 11. HP: 47/79 MP: 0/0
 13198 | D:9      | Learned a level 4 spell: Summon Ice Beast
 14515 | D:10     | Entered Level 10 of the Dungeon
 15081 | D:5      | Bought a buckler for 99 gold pieces
 15081 | D:5      | Bought a shiny helmet for 165 gold pieces
 15091 | D:5      | Reached * piety under Ashenzari
 15411 | D:10     | Reached skill level 1 in Shields
 16290 | D:11     | Noticed a manticore
 16304 | D:11     | Killed a manticore
 16669 | D:11     | Found a staircase to the Lair.
 16680 | D:11     | Noticed a two-headed ogre
 16705 | D:11     | Killed a two-headed ogre
 17043 | D:11     | Noticed a two-headed ogre
 17053 | D:11     | Killed a two-headed ogre
 17054 | D:11     | Reached XP level 12. HP: 80/89 MP: 0/0
 17097 | D:11     | Found a staircase to the Orcish Mines.
 17346 | D:11     | Found a snail-covered altar of Cheibriados.
 17525 | Lair:1   | Entered Level 1 of the Lair of Beasts
 17525 | Lair:1   | Noticed a six-headed hydra
 17530 | Lair:1   | Killed a six-headed hydra
 17640 | Lair:1   | Reached skill level 10 in Fighting
 17732 | Lair:1   | Found a gate leading to a gauntlet.
 17739 | Gauntlet | Entered a Gauntlet
 17739 | Gauntlet | Found a transporter.
 17739 | Gauntlet | Found a transporter.
 17739 | Gauntlet | Found a transporter.
 17739 | Gauntlet | Noticed a fire crab
 17748 | Gauntlet | Found a transporter.
 17762 | Gauntlet | Found a transporter.
 17772 | Gauntlet | Identified Sif Muna's Guide on Transformation and
                  | Orientation
 17777 | Gauntlet | Found a transporter.
 17782 | Gauntlet | Identified the +1 pair of boots "Sewk" {Dex+3}
 17801 | Gauntlet | Found a transporter.
 17806 | Gauntlet | Found a transporter.
 17813 | Gauntlet | Found a transporter.
 17827 | Gauntlet | Noticed a great orb of eyes
 17859 | Gauntlet | Found a transporter.
 17859 | Gauntlet | Found a transporter.
 17861 | Gauntlet | Identified the ring "Tyghip" {rElec SInv}
 17862 | Gauntlet | Found a transporter.
 17968 | Gauntlet | Killed a fire crab
 18242 | Gauntlet | Killed a great orb of eyes
 18328 | Gauntlet | Identified the +8 mace "Beetleslayer" {vamp, *Rage rElec
                  | Str+4}
 18328 | Gauntlet | Noticed a minotaur
 18395 | Gauntlet | Annihilated by a minotaur

Illustrated notes

Levels and vault maps discovered:
D:1:      nicolae_arrival_memento_mori, layout_basic, basic_ecumenical_altar,
          st_stairs_5
D:2:      layout_loops_ring, serial_shops, nicolae_shop_window_shopping,
          st_stairs_11
D:3:      layout_basic, mainiacjoe_overflow_cross_hatched, uniq_grinder
D:4:      layout_cave_pools, portal_sewer_entry_d, corexii_leaking_fountain,
          item_on_display_a, uniq_sigmund, uniq_blork_the_orc
D:5:      layout_rooms, mainiacjoe_overflow_alcove_2,
          minmay_temple_entry_glassed_door, nicolae_take_the_stairs,
          uniq_prince_ribbit1
D:6:      layout_basic
D:7:      layout_loops_ring, old_standard_altar
D:8:      layout_rooms, mainiacjoe_overflow_concentric_impassable, uniq_joseph,
          uniq_psyche
D:9:      layout_cave_pools, chequers_temple_overflow_statue_of_worship,
          serial_shops, nicolae_diamond_shop, serial_gnoll_camp,
          gnoll_camp_mini_house, gnoll_camp_mini_loothouse, grums_kennel,
          gnoll_camp_mini_doghouse, uniq_harold
D:10:     layout_cave_pods
D:11:     layout_rooms, lair_entry_dummy, orc_0_dummy, kennysheep_slug_shrine
Temple:   regret_index_temple_waves
Lair:1:   layout_misc_corridors, gauntlet_entry_generic, serial_bayou_shore_b
Gauntlet: gammafunk_gauntlet_shortcut [gammafunk_gauntlet_arena_grid,
          gammafunk_gauntlet_arena_teeth, gammafunk_gauntlet_arena_crates,
          nicolae_gauntlet_arena_quarters, gammafunk_gauntlet_arena_spirals,
          nicolae_gauntlet_arena_x, gauntlet_exit_spiral]

Skill      XL: |  1  2  3  4  5  6  7  8  9 10 11 12 |
---------------+-------------------------------------+-----
Fighting       | 1 2 3 4 5 7 9 10 | 10.6
Spellcasting   | 4 5 6 8 9 11 | 11.8
Armour         | 1 4 |  4.1
Dodging        | 3 4 |  4.0
Shields        | 3 |  3.1
Stealth        | |  1.5

Action                   |  1- 3 |  4- 6 |  7- 9 | 10-12 || total
-------------------------+-------+-------+-------+-------++-------
Melee: Dagger            |     4 |    10 |       |       ||    14
       Short sword       |       |    15 |    26 |    31 ||    72
 Cast: Pain              |    66 |    29 |    81 |    33 ||   209
       Animate Skeleton  |     7 |     4 |       |       ||    11
       Vampiric Draining |     1 |       |     3 |    67 ||    71
       Foxfire           |       |    26 |   179 |   307 ||   512
       Animate Dead      |       |       |    10 |     7 ||    17
       Agony             |       |       |       |     9 ||     9
       Swiftness         |       |       |       |     2 ||     2
       Summon Ice Beast  |       |       |       |    67 ||    67
Invok: Curse Item        |       |       |     1 |     1 ||     2
  Use: Potion            |     1 |       |       |     4 ||     5
       Scroll            |       |     5 |       |     1 ||     6
 Stab: Sleeping          |       |       |     1 |       ||     1
Armor: Robe              |     3 |     3 |     7 |    49 ||    62
Dodge: Dodged            |     7 |    22 |    28 |   172 ||   229
Block: Buckler           |       |       |       |    32 ||    32

Table legend: (Time is in decaauts)
 A = Elapsed time spent in this place.
 B = Non-inter-level travel time spent in this place.
 C = Inter-level travel time spent in this place.
 D = Time resting spent in this place.
 E = Time spent auto-exploring this place.
 F = Levels seen in this place.
 G = Mean time per level.
                   A        B        C        D        E       F      G
               +--------+--------+--------+--------+--------+-----+--------+
         Total |  18429 |  17181 |   1248 |   6137 |   7469 |  15 | 1228.6 |
       Dungeon |  16387 |  15157 |   1230 |   5336 |   7014 |  11 | 1489.7 |
        Temple |    147 |    129 |     18 |      0 |    128 |   1 |  147.0 |
          Lair |    214 |    214 |      0 |     40 |      0 |   1 |  214.0 |
         Sewer |   1024 |   1024 |      0 |    479 |    327 |   1 | 1024.0 |
      Gauntlet |    655 |    655 |      0 |    282 |      0 |   1 |  655.0 |
               +--------+--------+--------+--------+--------+-----+--------+

Top non-repeatable levels by time:
     D:2: 1995 daAuts
     D:9: 1897 daAuts
     D:8: 1826 daAuts
     D:1: 1766 daAuts
    D:10: 1695 daAuts
     D:3: 1544 daAuts
     D:4: 1230 daAuts
     D:6: 1154 daAuts
     D:5: 1116 daAuts
    D:11: 1085 daAuts
     D:7: 1076 daAuts
   Sewer: 1024 daAuts
Gauntlet: 655 daAuts
  Lair:1: 214 daAuts
  Temple: 147 daAuts
